 Dungeon Crawl Stone Soup version 0.29.1-15-g9cfb28693d (webtiles) character file.

Game seed: 14806275503937675095

4779 croobank the Covert (level 10, -2/71 HPs)
             Began as an Octopode Delver on Mar 14, 2023.
             Was an Initiate of Gozag.
             Slain by a manticore (9 damage)
             ... on level 9 of the Dungeon.
             The game lasted 00:23:56 (11122 turns).

croobank the Covert (Octopode Delver)              Turns: 11122, Time: 00:23:57

Health: -2/71      AC:  1    Str: 12    XL:     10   Next: 47%
Magic:  13/25      EV: 20    Int: 16    God:    Gozag
Gold:   974        SH:  0    Dex: 14    Spells: 14/17 levels left

rFire   . . .      SeeInvis .   m - +1 dagger (venom)
rCold   . . .      Faith    .   (no shield)
rNeg    . . .      Spirit   .   (helmet restricted)
rPois   .          Reflect  .   (no amulet)
rElec   .          Harm     .   C - ring of magical power
rCorr   +          Rampage  .   y - +4 ring of evasion
Will    .....                   d - ring of resist corrosion
Stlth   ++++++....              g - ring of wizardry
HPRegen 0.21/turn               (no ring)
MPRegen 0.19/turn               (no ring)
                                (no ring)
                                (no ring)

@: no status effects
A: almost no armour, amphibious, 8 rings, camouflage 1, gelatinous body 1,
(nimble swimmer 1), tentacles
a: Renounce Religion, Potion Petition, Call Merchant, Bribe Branch


You were on level 9 of the Dungeon.
You worshipped Gozag.
Gozag was pleased with you.
You visited 2 branches of the dungeon, and saw 10 of its levels.

You collected 1054 gold pieces.
You paid 80 gold pieces to Gozag.

Inventory:

Hand Weapons
 m - a +1 dagger of venom (weapon)
 o - a +0 war axe
 r - a +2 mace of protection
 H - a +4 short sword
Missiles
 f - 9 atropa-tipped darts
 v - 23 poisoned darts
 D - 12 boomerangs (quivered)
Armour
 p - a +0 kite shield
Jewellery
 d - a ring of resist corrosion (on tentacle)
 g - a ring of wizardry (on tentacle)
 y - a +4 ring of evasion (right tentacle)
 C - a ring of magical power (left tentacle)
Wands
 e - a wand of digging (2)
 h - a wand of flame (12)
Scrolls
 a - a scroll of fog
 b - a scroll of magic mapping
 c - 4 scrolls of fear
 j - a scroll of immolation
 n - 2 scrolls of teleportation
 t - a scroll of silence
 w - 2 scrolls of enchant armour
 z - 2 scrolls of poison
Potions
 i - 3 potions of invisibility
 q - 3 potions of curing
 s - 4 potions of might {unknown}
 u - 2 potions of haste
 x - 7 potions of flight
 B - 3 potions of brilliance {unknown}
 E - 2 potions of lignification {unknown}
 G - a potion of ambrosia


   Skills:
 + Level 7.0 Fighting
 + Level 6.5 Dodging
 + Level 11.1 Stealth
 + Level 6.5 Unarmed Combat
 + Level 4.0 Spellcasting
 - Level 4.5 Conjurations
 + Level 0.8 Summonings
 + Level 0.9 Air Magic
 - Level 4.5 Earth Magic


You had 14 spell levels left.
You knew the following spells:

 Your Spells              Type           Power      Damage    Failure   Level
a - Stone Arrow           Conj/Erth      34%        3d9       3%          3

Your spell library contained the following spells:

 Spells                   Type           Power      Damage    Failure   Level
 Summon Small Mammal      Summ           24%        N/A       4%          1
 Apportation              Tloc           6%         N/A       7%          1
 Necrotise                Necr           12%        1d4       7%          1
 Airstrike                Air            3%         2d(1-17)  41%         4
 Summon Lightning Spire   Summ/Air       6%         N/A       41%         4
 Lightning Bolt           Conj/Air       5%         1d17      50%         5
 Lehudib's Crystal Spear  Conj/Erth      8%         10d4      100%        8
 Animate Armour           Summ/Erth      Unusable   N/A       N/A         4

Dungeon Overview and Level Annotations

Branches:
Dungeon (9/15)             Temple (1/1) D:6
   Lair: D:8-11         Orc: D:9-12

Altars:
Ashenzari
Cheibriados
Elyvilon
Fedhas
Gozag
Kikubaaqudgha
Okawaru
Qazlal
Ru
Sif Muna
Trog
Uskayaw
Vehumet
Wu Jian
Xom
Yredelemnul
Zin
The Shining One

Shops:
D:6 !

Annotations:
D:4 1 runed translucent door, Ast3rio's ghost, amateur MiBe
D:6 2 transporters
D:8 1 runed translucent door, hawla's ghost, amateur MiBe


Innate Abilities, Weirdness & Mutations

You cannot wear most types of armour.
You are amphibious.
You can wear up to eight rings at the same time.
Your skin changes colour to match your surroundings (Stealth+).
Your rubbery body absorbs attacks. (AC +1, EV +1)
((You are camouflaged when in or above water. (Stealth+)))
You have tentacles for arms and can constrict up to eight enemies at once.


Message History

The manticore closely misses you. The manticore claws you.
The manticore closely misses you.
Casting: Stone Arrow (dangerous; 3% risk of failure)
Confirm with . or Enter, or press ? or * to list all spells.
Aiming: Stone Arrow (dangerous; 3% risk of failure)
Press: ? - help, Shift-Dir - straight line, f - manticore
Aim: a manticore (lightly wounded, 81% to hit)
The stone arrow hits the manticore!
The manticore is moderately wounded.
The manticore bites you!! The manticore claws you. x2
Casting: Stone Arrow (dangerous; 3% risk of failure)
Confirm with . or Enter, or press ? or * to list all spells.
Aiming: Stone Arrow (dangerous; 3% risk of failure)
Press: ? - help, Shift-Dir - straight line, f/p - manticore
Aim: a manticore (moderately wounded, 81% to hit)
The stone arrow hits the manticore!
The manticore is severely wounded.
The manticore barely misses you. The manticore misses you.
The manticore barely misses you.
Casting: Stone Arrow (dangerous; 3% risk of failure)
Confirm with . or Enter, or press ? or * to list all spells.
Aiming: Stone Arrow (dangerous; 3% risk of failure)
Press: ? - help, Shift-Dir - straight line, f/p - manticore
Aim: a manticore (severely wounded, 81% to hit)
The stone arrow hits the manticore!!
The manticore is almost dead.
The manticore bites you!!
* * * LOW HITPOINT WARNING * * *
The manticore misses you. The manticore completely misses you.
Casting: Stone Arrow (dangerous; 3% risk of failure)
Confirm with . or Enter, or press ? or * to list all spells.
Aiming: Stone Arrow (dangerous; 3% risk of failure)
Press: ? - help, Shift-Dir - straight line, f/p - manticore
Aim: a manticore (almost dead, 81% to hit)
The stone arrow misses the manticore.
The manticore barely misses you. The manticore claws you!
* * * LOW HITPOINT WARNING * * *
The manticore claws you!
You die...
Your body crumbles into a pile of gold.

...'..###..##..##..###.....#
...#..##$.##...)##..##.....#
...#..##..##$...##..##.....#
...#..##..##....##..##.....#
...#..##?.##...}##..##.$...#
...##.###..######..###.#+###..
.......##(..####...##.$.......
.......###........###.##......
........###.....@###..# ......
<........##.....H##...# .....
##....................# .....
##....................# ....
..............................
##########################


You could see a manticore.

Vanquished Creatures
  2 kobold demonologists (D:9)
  Prince Ribbit (D:8)
  4 yaks
  Eustachio (D:6)
  A shadow (D:9)
  A wyvern (D:7)
  A steam dragon (D:8)
  A water moccasin (D:9)
  A sky beast (D:8)
  An ice beast (D:6)
  2 orc warriors
  3 centaurs
  2 ogres (D:6)
  A phantom (D:6)
  3 kobold brigands
  4 bullfrogs
  2 scorpions
  4 killer bees (D:9)
  5 howler monkeys
  2 jellies
  4 hounds
  A gnoll bouda (D:8)
  8 orc priests
  4 iguanas
  9 orc wizards
  4 gnolls
  6 adders
  A shadow imp (D:6)
  A white imp (D:7)
  An ufetubus (D:5)
  2 worms
  A dart slug (D:3)
  34 orcs
  5 ball pythons
  3 bats
  6 endoplasms
  3 giant cockroaches
  5 goblins
  9 hobgoblins
  7 jackals (D:1)
  17 kobolds
  4 quokkas
  8 frilled lizards
  3 rats
188 creatures vanquished.

Notes
Turn   | Place    | Note
-------+----------+-------------------------------------------
     0 | D:5      | croobank the Octopode Delver began the quest for the Orb.
     0 | D:5      | Reached XP level 1. HP: 16/16 MP: 1/1
    48 | D:5      | Noticed a howler monkey
    61 | D:6      | Found a transporter.
    73 | D:6      | Noticed an electric eel
    73 | D:6      | Noticed an electric eel
    81 | D:6      | Noticed Eustachio
    87 | D:6      | Noticed an electric eel
   119 | D:6      | Noticed a hound
   139 | D:6      | Killed a hound
   140 | D:6      | Reached XP level 2. HP: 14/21 MP: 2/2
   140 | D:6      | Reached XP level 3. HP: 17/26 MP: 3/3
   275 | D:5      | Reached skill level 7 in Stealth
   275 | D:5      | Reached XP level 4. HP: 31/31 MP: 4/4
   453 | D:5      | Reached XP level 5. HP: 13/37 MP: 5/5
   710 | D:6      | Found Kenwet's Distillery.
  1344 | D:3      | Reached XP level 6. HP: 33/43 MP: 6/6
  1565 | D:1      | Found a faded altar of an unknown god.
  2362 | D:2      | Reached skill level 8 in Stealth
  3376 | D:4      | Noticed Ast3rio's ghost (amateur MiBe)
  3782 | D:4      | Found a runed translucent door.
  4015 | D:5      | Reached XP level 7. HP: 25/49 MP: 7/7
  5040 | D:6      | Reached skill level 5 in Fighting
  5285 | D:6      | Found a staircase to the Ecumenical Temple.
  5320 | Temple   | Entered the Ecumenical Temple
  5598 | Temple   | Became a worshipper of Gozag Ym Sagoz the Greedy
  5688 | D:6      | Found a transporter.
  5788 | D:6      | Killed Eustachio
  5789 | D:6      | Reached skill level 9 in Stealth
  5789 | D:6      | Reached XP level 8. HP: 12/55 MP: 9/9
  6054 | D:6      | Reached skill level 1 in Spellcasting
  6073 | D:6      | Reached skill level 5 in Dodging
  6073 | D:6      | Reached skill level 5 in Unarmed Combat
  6962 | D:7      | Learned a level 3 spell: Stone Arrow
  6971 | D:7      | Noticed a wyvern
  6979 | D:7      | Killed a wyvern
  6980 | D:7      | Reached skill level 1 in Conjurations
  6980 | D:7      | Reached skill level 1 in Earth Magic
  7155 | D:7      | Reached skill level 10 in Stealth
  7155 | D:7      | Reached XP level 9. HP: 58/62 MP: 12/12
  7788 | D:8      | Noticed Prince Ribbit
  7793 | D:8      | Killed Prince Ribbit
  8289 | D:8      | Found a runed translucent door.
  8289 | D:8      | Noticed hawla's ghost (amateur MiBe)
  9098 | D:9      | Reached XP level 10. HP: 69/69 MP: 15/15
  9568 | D:9      | Noticed a gargoyle
  9569 | D:9      | Noticed a manticore
  9572 | D:9      | Noticed a two-headed ogre
  9586 | D:9      | Noticed a two-headed ogre
  9998 | D:9      | Noticed a kobold demonologist
  9999 | D:9      | Noticed a kobold demonologist
 10024 | D:9      | Killed a kobold demonologist
 10627 | D:9      | Killed a kobold demonologist
 10628 | D:9      | Reached skill level 11 in Stealth
 11122 | D:9      | Slain by a manticore

Illustrated notes

Levels and vault maps discovered:
D:1:      dpeg_arrival_pond, layout_basic, ebering_ecumenical_altar_petrified,
          minmay_lizard_pond
D:2:      layout_rooms, st_stairs_2, supply_closet_lemuel
D:3:      layout_loops_ring
D:4:      layout_rooms, hellmonk_ghost_happy_afterlife
D:5:      layout_basic
D:6:      gammafunk_steamed_eel, layout_loops_cross,
          minmay_temple_entry_water_ring, serial_shops,
          nicolae_shop_statue_plus, grunt_tough_drop, uniq_eustachio
D:7:      layout_basic
D:8:      layout_loops_ring, gammafunk_ghost_grave, dreamdust_gnoll_shepherd,
          uniq_prince_ribbit1
D:9:      layout_stronghold, hex_large, minmay_mirror_moons_of_madness
Temple:   mainiacjoe_temple_big_plus

Skill      XL: |  1  2  3  4  5  6  7  8  9 10 |
---------------+-------------------------------+-----
Stealth        | 7 8 9 10 11 | 11.1
Dodging        | 3 4 5 6 |  6.5
Unarmed Combat | 3 4 5 6 |  6.5
Fighting       | 4 5 6 7 |  7.0
Spellcasting   | 2 3 4 |  4.0
Conjurations   | 1 3 4 |  4.5
Earth Magic    | 1 3 4 |  4.5
Summonings     | |  0.8
Air Magic      | |  0.9

Action                   |  1- 3 |  4- 6 |  7- 9 | 10-12 || total
-------------------------+-------+-------+-------+-------++-------
Melee: Unarmed           |     6 |   208 |   148 |       ||   362
       Tentacles         |     3 |    40 |    66 |    25 ||   134
       Constrict         |     1 |    53 |    44 |    16 ||   114
       Punch             |       |     6 |    13 |     5 ||    24
       Dagger            |       |       |    82 |    67 ||   149
Throw: Boomerang         |       |       |     4 |       ||     4
 Cast: Stone Arrow       |       |       |     9 |    11 ||    20
Evoke: Wand              |       |     3 |     9 |     1 ||    13
  Use: Potion            |     1 |       |     2 |     2 ||     5
       Scroll            |       |     2 |     9 |     3 ||    14
 Stab: Sleeping          |     1 |    24 |     9 |     2 ||    36
       Distracted        |       |     1 |     1 |     1 ||     3
       Invisible         |       |       |     2 |       ||     2
Armor: Skin              |       |     7 |     7 |       ||    14
Dodge: Dodged            |     5 |   121 |   187 |   123 ||   436
